 Dungeon Crawl Stone Soup version 0.30.1-11-g7821555f0a (webtiles) character file.

Game seed: 15176516527740550541

217 Woods the Conjurer (level 5, -5/28 HPs)
             Began as a Deep Elf Conjurer on Oct 27, 2023.
             Slain by a lemure (7 damage)
             ... led by Pikel
             ... on level 4 of the Dungeon.
             The game lasted 00:06:40 (3027 turns).

Woods the Conjurer (Deep Elf Conjurer)              Turns: 3027, Time: 00:06:41

Health: -5/28      AC:  4    Str:  4    XL:     5   Next: 61%
Magic:  0/14       EV: 14    Int: 25    God:
Gold:   87         SH:  0    Dex: 22    Spells: 10/13 levels left

rFire   . . .        (no weapon)
rCold   . . .        (no shield)
rNeg    . . .        s - +2 robe of Misanthropy {Dex+3}
rPois   .            (no helmet)
rElec   .            (no cloak)
rCorr   +            (no gloves)
SInv    .            (no boots)
Will    .....        (no amulet)
Stlth   +++          i - +6 ring of dexterity
HPRegen 0.24/turn    r - ring of resist corrosion
MPRegen 0.14/turn

%: no passive effects
@: no status effects
A: no striking features
a: no special abilities


You were on level 4 of the Dungeon.
You visited 1 branch of the dungeon, and saw 4 of its levels.

You collected 123 gold pieces.
You spent 36 gold pieces at shops.

Inventory:

Armour
 a - a +0 robe
 s - the +2 robe of Misanthropy (worn) {Dex+3}
   (You found it on level 4 of the Dungeon)

   Dex:       It affects your dexterity (+3).
Jewellery
 i - a +6 ring of dexterity (left hand)
 r - a ring of resist corrosion (right hand)
Scrolls
 c - a scroll of enchant armour {unknown}
 d - 3 scrolls of teleportation {unknown}
 g - a scroll of silence {unknown}
 k - a scroll of fog {unknown}
 l - 2 scrolls of immolation {unknown}
 m - a scroll of torment {unknown}
 n - a scroll of enchant weapon {unknown}
 o - a scroll of butterflies {unknown}
 p - 2 scrolls of identify {unknown}
Potions
 b - a potion of magic
 e - 2 potions of brilliance {unknown}
 f - a potion of mutation {unknown}
 h - a potion of resistance {unknown}
 j - a potion of degeneration {unknown}
 q - 2 potions of curing


   Skills:
 + Level 4.1 Dodging
 + Level 4.3 Stealth
 + Level 4.8 Spellcasting
 + Level 5.3 Conjurations


You had 10 spell levels left.
You knew the following spells:

 Your Spells              Type           Power      Damage    Failure   Level
a - Magic Dart            Conj           100%       1d8       1%          1
b - Searing Ray           Conj           64%        2d6       1%          2

Your spell library contained the following spells:

 Spells                   Type           Power      Damage    Failure   Level
 Dazzling Flash           Conj/Hex       38%        N/A       9%          3
 Sublimation of Blood     Necr           6%         N/A       13%         2
 Wereblood                Tmut           6%         N/A       13%         2
 Fulminant Prism          Conj/Hex       9%         3d7       28%         4
 Iskenderun's Mystic Bla  Conj/Tloc      19%        2d6       28%         4
 Summon Hydra             Summ           3%         N/A       100%        7


Dungeon Overview and Level Annotations

Branches:
Dungeon (4/15)
 Temple: D:4-7

Altars:
Ru
Trog

Shops:
D:3 !

Annotations:
D:4 Pikel


Message History

Casting: Searing Ray (safe; 1% risk of failure)
Confirm with . or Enter, or press ? or * to list all spells.
Restarting spell: Searing Ray (safe; 1% risk of failure)
Press: ? - help, Shift-Dir - straight line, f/p - Pikel
Aim: Pikel, wielding a +1 whip of flaming and wearing a +0 robe (almost dead, 76% to hit)
The searing ray misses Pikel. (Press . to maintain the ray.) Pikel says, "You'll feel the lick of my whip!"
Pikel misses you.
The searing ray hits Pikel.
Pikel is almost dead.
The searing ray hits the lemure.
The lemure is lightly wounded.
Pikel hits you with a +1 whip of flaming.
* * * LOW HITPOINT WARNING * * *
Pikel burns you.
* * * LOW HITPOINT WARNING * * *
The searing ray misses Pikel.
The searing ray hits the lemure.
The lemure is lightly wounded.
Pikel hits you with a +1 whip of flaming.
* * * LOW HITPOINT WARNING * * *
Pikel burns you.
* * * LOW HITPOINT WARNING * * *
Unknown command.
Casting: Searing Ray (safe; 1% risk of failure)
Confirm with . or Enter, or press ? or * to list all spells.
You don't have enough magic to cast this spell.
Unknown command.
The lemure barely misses you.
Casting: Searing Ray (safe; 1% risk of failure)
Confirm with . or Enter, or press ? or * to list all spells.
Aiming: Searing Ray (safe; 1% risk of failure)
Press: ? - help, Shift-Dir - straight line, f/p - Pikel
Aim: Pikel, wielding a +1 whip of flaming and wearing a +0 robe (almost dead, 76% to hit)
The searing ray misses the lemure.
The searing ray hits Pikel but does no damage.
Pikel is almost dead. (Press . to maintain the ray.)
The lemure hits you!
You die...

.##.#...........##...####
................#.....#
####.......5..###..##.# #
#..........# #..# #
#...<......# #5.#
##..#..#######..#
#.##...### #K5.# #.
#.......#5#.# .
........#@#.# #.
##.........#.# #
#.........#.#######
..................#
........#.#######
........#.########
.................#
......##.(.#######
..............#


You could see Pikel and 3 lemures.

Vanquished Creatures
  A howler monkey (D:4)
  A jelly (D:3)
  Jessica (D:2)
  Terence (D:3)
  4 adders
  A worm (D:2)
  A dart slug (D:3)
  5 bats
  4 endoplasms
  4 giant cockroaches (D:1)
  3 goblins (D:1)
  5 hobgoblins
  4 jackals (D:1)
  2 quokkas
  5 ball pythons
  3 frilled lizards
  8 kobolds
  6 rats
59 creatures vanquished.

Notes
Turn   | Place    | Note
-------+----------+-------------------------------------------
     0 | D:1      | Woods the Deep Elf Conjurer began the quest for the Orb.
     0 | D:1      | Reached XP level 1. HP: 10/10 MP: 6/6
    47 | D:1      | Found a faded altar of an unknown god.
   113 | D:1      | Reached XP level 2. HP: 15/15 MP: 4/8
   593 | D:1      | Learned a level 2 spell: Searing Ray
   729 | D:1      | Reached XP level 3. HP: 19/19 MP: 8/10
  1461 | D:2      | Found a bloodstained altar of Trog.
  1508 | D:2      | Noticed Jessica
  1510 | D:2      | Killed Jessica
  1511 | D:2      | Reached XP level 4. HP: 24/24 MP: 8/12
  1724 | D:2      | Reached skill level 5 in Conjurations
  2027 | D:3      | Noticed Terence
  2032 | D:3      | Killed Terence
  2213 | D:3      | Reached XP level 5. HP: 28/28 MP: 6/13
  2454 | D:3      | Found Vyseanto's Distillery.
  2462 | D:3      | Bought a potion of curing for 36 gold pieces
  2577 | D:3      | Found a sacrificial altar of Ru.
  2850 | D:4      | Noticed a lemure
  2912 | D:4      | Identified the +2 robe of Misanthropy {Dex+3}
  3008 | D:4      | Noticed Pikel
  3017 | D:4      | Noticed a lemure
  3020 | D:4      | Noticed a lemure
  3023 | D:4      | HP: 1/28 [Pikel/+1 whip of flaming (1)]
  3027 | D:4      | Slain by a lemure

Illustrated notes

Levels and vault maps discovered:
D:1:      lightli_arrival_boilingwater, layout_basic,
          chequers_ecumenical_altar_simple_redux
D:2:      layout_basic, basic_altar, uniq_jessica
D:3:      layout_basic, nicolae_ru_path_of_blood, serial_shops,
          nicolae_shop_stone, uniq_terence
D:4:      minmay_octagon_keep, layout_rooms, gup_ossuary_entry_pyramid,
          grunt_ministairs_3, kennysheep_cluttered_room, uniq_pikel

Skill      XL: |  1  2  3  4  5 |
---------------+----------------+-----
Stealth        | 3 4 |  4.3
Dodging        | 3 4 |  4.1
Spellcasting   | 4 |  4.8
Conjurations   | 5 |  5.3

Action                     |  1- 3 |  4- 6 || total
---------------------------+-------+-------++-------
  Melee: Unarmed           |     1 |     1 ||     2
   Cast: Magic Dart        |    60 |    36 ||    96
         Searing Ray       |     2 |    13 ||    15
 Armour: Robe              |     5 |       ||     5
  Dodge: Dodged            |     8 |     4 ||    12
